 Dungeon Crawl Stone Soup version 0.31-a0-507-gbafd7f5274 (webtiles) character file.

Game seed: 18392447992760259188

6754 jlumianski the Fighter (level 11, -15/84 HPs)
             Began as a Djinni Fire Elementalist on Aug 10, 2023.
             Was a Believer of Makhleb.
             Demolished by a boulder beetle (47 damage)
             ... on level 9 of the Dungeon.
             The game lasted 01:00:45 (10919 turns).

jlumianski the Fighter (Djinni Fire Elementalist)  Turns: 10919, Time: 01:00:45

Health: -15/84     AC:  5    Str: 10    XL:     11   Next: 24%
Gold:   591        EV: 14    Int: 21    God:    Makhleb [**....] SH:  5 Dex: 14

rFire   + + +        d - +0 long sword (spect)
rCold   x . .        (no shield)
rNeg    . . .        A - +1 robe of Winter {Str+3}
rPois   ∞            t - +0 helmet
rElec   .            k - +0 cloak
rCorr   +            (no gloves)
SInv    .            (boots unavailable)
Will    +....        E - amulet of Ufre {Reflect +Blink rPois rF+ SH+5}
Stlth   +++          o - ring of resist corrosion
HPRegen 0.34/turn    L - +4 ring of slaying
MPRegen 0.00/turn

%: reflection, infuse magic (-16 HP)
@: flying
A: sickness immunity, fire resistance 2, cold vulnerability 1, float, innate
caster, HP casting, extra vitality 1
a: Renounce Religion, Evoke Blink, Minor Destruction


You were on level 9 of the Dungeon.
You worshipped Makhleb.
Makhleb was pleased with you.
You visited 2 branches of the dungeon, and saw 11 of its levels.

You collected 591 gold pieces.

Inventory:

Hand Weapons
 b - a +0 short sword
 d - a +0 spectral long sword (weapon)
 s - a +1 dagger of speed
 H - a +2 dagger of electrocution
 M - the +6 battleaxe of Kujios {drain, rF+ rCorr Int-5}
   (You found it on level 8 of the Dungeon)

   Int-5:     It affects your intelligence (-5).
   rF+:       It protects you from fire.
   rCorr:     It protects you from acid and corrosion.
Missiles
 i - 3 curare-tipped darts
 p - 7 boomerangs
 u - 12 poisoned darts (quivered)
 J - 3 javelins
 O - a throwing net
Armour
 a - a +0 robe
 k - a +0 cloak (worn)
 t - a +0 helmet (worn)
 A - the +1 robe of Winter (worn) {Str+3}
   (You found it on level 7 of the Dungeon)

   Str+3:     It affects your strength (+3).
Jewellery
 n - an amulet of reflection
 o - a ring of resist corrosion (left hand)
 E - the amulet of Ufre (around neck) {Reflect +Blink rPois rF+ SH+5}
   (You found it on level 7 of the Dungeon)

   [amulet of reflection]

   Reflect:   It reflects blocked missile attacks.
   rF+:       It protects you from fire.
   rPois:     It protects you from poison +Blink: It lets you blink.
   SH+5:      It affects your SH (+5).
 L - a +4 ring of slaying (right hand)
Talismans
 w - a flux talisman
 N - a serpent talisman
Wands
 r - a wand of roots (6)
 z - a wand of charming (9)
 I - a wand of flame (4)
Scrolls
 c - 3 scrolls of noise
 l - a scroll of brand weapon
 q - a scroll of fog
 v - a scroll of enchant armour {unknown}
 x - a scroll of blinking
 y - 2 scrolls of vulnerability {unknown}
 D - a scroll of teleportation
 F - 2 scrolls of poison {unknown}
 K - a scroll of torment {unknown}
Potions
 e - 2 potions of mutation
 f - 2 potions of berserk rage
 g - 3 potions of might
 h - 3 potions of brilliance
 j - 6 potions of curing
 m - a potion of heal wounds
 B - 2 potions of attraction
 C - a potion of haste
 G - a potion of magic {unknown}


   Skills:
 * Level 9.5 Fighting
 + Level 2.0(2.8) Short Blades
 * Level 2.8(3.1) Long Blades
 + Level 0.2 Throwing
 + Level 5.9 Dodging
 + Level 4.3 Stealth
 + Level 2.1 Shields
 * Level 8.0 Spellcasting
 * Level 8.0 Conjurations
 * Level 8.0 Hexes
 * Level 8.0 Summonings
 * Level 8.0 Necromancy
 * Level 8.0 Translocations
 * Level 8.0 Transmutations
 * Level 8.0 Fire Magic
 * Level 8.0 Ice Magic
 * Level 8.0 Air Magic
 * Level 8.0 Earth Magic
 * Level 8.0 Poison Magic
 * Level 3.0 Invocations
 + Level 0.1 Evocations


You knew the following spells:

 Your Spells              Type           Power      Damage    Failure   Level
a - Foxfire               Conj/Fire      100%       2x1d9     1%          1
b - Scorch                Fire           84%        2d8       1%          2
c - Volatile Blastmotes   Fire/Tloc      84%        2d17      1%          3
d - Inner Flame           Hex/Fire       42%        N/A       1%          3
e - Flame Wave            Conj/Fire      42%        2d11      2%          4
f - Sting                 Tmut/Pois      100%       1d8       1%          1
g - Blink                 Tloc           84%        N/A       1%          2
h - Hailstorm             Conj/Ice       42%        3d10      1%          3
i - Cause Fear            Hex            21%        N/A       2%          4
j - Olgreb's Toxic Radia  Pois           42%        N/A       2%          4
Your spell library was empty.

Dungeon Overview and Level Annotations

Branches:
Dungeon (10/15)            Temple (1/1) D:5
   Lair: D:8-11         Orc: D:9-12

Altars:
Cheibriados
Dithmenos
Elyvilon
Fedhas
Hepliaklqana
Makhleb
Nemelex Xobeh
Okawaru
Qazlal
Ru
Trog
Uskayaw
Wu Jian
Xom
Yredelemnul
Zin
The Shining One


Innate Abilities, Weirdness & Mutations

You are immune to sickness and miasma.
You are immune to poison.
Your flesh is very heat resistant. (rF++)
You are vulnerable to cold. (rC-)
You float through the air rather than walking.
You learn spells naturally, not from books.
Your magical power is your life essence.
You have superior vitality. (+4 MHP)


Message History

A cloud of volatile blastmotes flares up around you!
Casting: Volatile Blastmotes (safe; 1% risk of failure)
Confirm with . or Enter, or press ? or * to list all spells.
Flames lash the boulder beetle.
The boulder beetle is lightly wounded.
The boulder beetle's fire resistance burns away.
The boulder beetle bites you!
The boulder beetle attacks as you move away!
You block the boulder beetle's attack.
The cloud of blastmotes explodes!
The concussive blast engulfs the boulder beetle.
The boulder beetle is burned terribly!
The boulder beetle is lightly wounded.
The concussive blast engulfs you. You resist.
You are knocked back by the blast.
You hear a shout!
Casting: Scorch (safe; 1% risk of failure)
Confirm with . or Enter, or press ? or * to list all spells.
Aiming: Sting (safe; 1% risk of failure)
Press: ? - help, Shift-Dir - straight line, f - boulder beetle
Aim: a boulder beetle (lightly wounded, more vulnerable to fire, 100% to hit)
The sting hits the boulder beetle.
The boulder beetle is poisoned.
The boulder beetle is lightly wounded.
The boulder beetle is no longer more vulnerable to fire.
A centaur opens the door.
Aiming: Charm
Press: ? - help, Shift-Dir - straight line, f/p - boulder beetle
Aim: a boulder beetle (lightly wounded, poisoned, chance to affect: 31%)
Okay, then.
The boulder beetle attacks as you move away!
The boulder beetle bites you!!
The boulder beetle curls into a ball and begins rolling!
The centaur wields a +0 orcbow.
The centaur shoots an arrow.
The arrow closely misses you.
The arrow hits the boulder beetle but does no damage.
The centaur shoots an arrow.
The arrow misses you.
The centaur shoots an arrow.
The arrow hits you!
The centaur unwields a +0 orcbow.
You block the centaur's attack. The centaur barely misses you.
The boulder beetle hits you!!!
Ouch! That really hurt!
You die...

#... ... ... .. #.##
### ..# #.# #c# ### #.#
#####@###### ...#.#
#....B.....#
#.#.####....○.....#
#.....##.....°....#
#######.#..'......°...#
#...#...####..........#
#.#.#.### #######'####
#.#.....# ..# #.##.####
..##


You could see a boulder beetle (rolling, poisoned) and a centaur.

Vanquished Creatures
  Harold (D:9)
  A hydra (D:8)
  Joseph (D:6)
  A gargoyle (D:7)
  A troll (D:9)
  2 dream sheep (D:8)
  2 wyverns (D:6)
  3 water moccasins
  An orc warrior (D:6)
  5 sky beasts
  4 ice beasts
  A black bear (D:4)
  An ogre (D:6)
  A centaur (D:7)
  4 kobold brigands
  A phantom (D:6)
  4 bullfrogs
  3 scorpions
  12 killer bees
  A howler monkey (D:7)
  7 hounds
  8 orc priests
  4 sleepcaps
  3 iguanas
  12 orc wizards
  Robin (D:3)
  11 adders
  3 gnolls
  3 shadow imps
  2 white imps (D:7)
  3 ufetubi
  3 worms
  4 dart slugs
  7 orcs
  4 endoplasms
  7 giant cockroaches
  10 goblins
  17 hobgoblins
  11 kobolds
  5 quokkas
  8 ball pythons
  6 bats
  3 frilled lizards
  7 rats
199 creatures vanquished.

Vanquished Creatures (others)
  296 foxfires
296 creatures vanquished.

Grand Total: 495 creatures vanquished

Notes
Turn   | Place    | Note
-------+----------+-------------------------------------------
     0 | D:1      | jlumianski the Djinni Fire Elementalist began the quest for
                  | the Orb.
     0 | D:1      | jlumianski set off with the following spells memorised:
                  | Foxfire, Scorch, Volatile Blastmotes, Inner Flame, Flame
                  | Wave.
     0 | D:1      | Reached XP level 1. HP: 15/15 MP: 0/0
    95 | D:2      | Found a faded altar of an unknown god.
   182 | D:1      | Reached XP level 2. HP: 15/21 MP: 0/0
   440 | D:1      | Reached XP level 3. HP: 17/26 MP: 0/0
   440 | D:1      | Learned a level 1 spell: Sting
   444 | D:1      | Reached skill level 1 in Fighting
   918 | D:2      | Reached XP level 4. HP: 18/32 MP: 0/0
  1124 | D:1      | HP: 1/32 [gnoll/+0 flail (10)]
  2329 | D:4      | Reached XP level 5. HP: 37/38 MP: 0/0
  2329 | D:4      | Learned a level 2 spell: Blink
  2421 | D:2      | Reached skill level 2 in Fighting
  3000 | D:3      | Reached XP level 6. HP: 42/45 MP: 0/0
  3024 | D:5      | Entered Level 5 of the Dungeon
  3089 | D:5      | Found a stormy altar of Qazlal.
  3152 | D:5      | Found a staircase to the Ecumenical Temple.
  3157 | Temple   | Entered the Ecumenical Temple
  3224 | Temple   | Became a worshipper of Makhleb the Destroyer
  3264 | D:5      | Reached skill level 1 in Short Blades
  3305 | D:5      | Reached skill level 3 in Fighting
  3492 | D:6      | Noticed an ice beast
  3545 | D:5      | Reached XP level 7. HP: 11/50 MP: 0/0
  3545 | D:5      | Learned a level 3 spell: Hailstorm
  3889 | D:4      | Noticed Robin
  3922 | D:3      | Reached skill level 4 in Fighting
  4181 | D:3      | Killed Robin
  4303 | D:4      | Reached * piety under Makhleb
  4521 | D:4      | Reached XP level 8. HP: 31/58 MP: 0/0
  5503 | D:6      | Reached skill level 5 in Fighting
  5539 | D:5      | Reached skill level 5 in Spellcasting
  5539 | D:5      | Reached skill level 5 in Conjurations
  5539 | D:5      | Reached skill level 5 in Hexes
  5539 | D:5      | Reached skill level 5 in Summonings
  5539 | D:5      | Reached skill level 5 in Necromancy
  5539 | D:5      | Reached skill level 5 in Translocations
  5539 | D:5      | Reached skill level 5 in Transmutations
  5539 | D:5      | Reached skill level 5 in Fire Magic
  5539 | D:5      | Reached skill level 5 in Ice Magic
  5539 | D:5      | Reached skill level 5 in Air Magic
  5539 | D:5      | Reached skill level 5 in Earth Magic
  5539 | D:5      | Reached skill level 5 in Poison Magic
  6138 | D:6      | Noticed a wyvern
  6146 | D:6      | Killed a wyvern
  6147 | D:6      | Reached XP level 9. HP: 63/66 MP: 0/0
  6147 | D:6      | Learned a level 4 spell: Cause Fear
  6191 | D:6      | Reached skill level 6 in Fighting
  6542 | D:6      | Identified the +0 plate armour of Fortitude {rN+ Str+2
                  | Dex+2 Stlth+}
  7455 | D:7      | Noticed a gargoyle
  7465 | D:7      | Reached skill level 7 in Fighting
  8028 | D:7      | Killed a gargoyle
  8029 | D:7      | Reached skill level 1 in Shields
  8044 | D:6      | Reached XP level 10. HP: 33/75 MP: 0/0
  8062 | D:6      | Reached skill level 5 in Dodging
  8292 | D:7      | Reached ** piety under Makhleb
  8308 | D:7      | Found a white marble altar of Elyvilon.
  8466 | D:7      | Reached skill level 8 in Fighting
  8485 | D:7      | Identified the +1 robe of Winter {Str+3}
  8585 | D:7      | Identified the amulet of Ufre {Reflect +Blink rPois rF+
                  | SH+5}
  8703 | D:7      | Found a blossoming altar of Fedhas.
  8770 | D:7      | Noticed Joseph
  9038 | D:6      | Killed Joseph
  9982 | D:8      | Reached skill level 9 in Fighting
  9982 | D:8      | Reached skill level 1 in Long Blades
  9982 | D:8      | Reached skill level 1 in Invocations
  9999 | D:8      | Noticed a two-headed hydra
 10008 | D:8      | Killed a two-headed hydra
 10009 | D:8      | Reached XP level 11. HP: 22/84 MP: 0/0
 10009 | D:8      | Learned a level 4 spell: Olgreb's Toxic Radiance
 10322 | D:8      | Identified the +6 battleaxe of Kujios {drain, rF+ rCorr
                  | Int-5}
 10677 | D:9      | Noticed Harold
 10691 | D:9      | Killed Harold
 10839 | D:9      | Found a bloodstained altar of Trog.
 10881 | D:10     | Entered Level 10 of the Dungeon
 10912 | D:9      | Noticed a boulder beetle
 10919 | D:9      | Demolished by a boulder beetle

Illustrated notes

Levels and vault maps discovered:
D:1:      psy_arrival_whirlpool, layout_loops_ring, minmay_heptomino_w4
D:2:      minmay_chambers_of_ones, layout_loops_ring,
          nicolae_ecumenical_lake_church, kennysheep_generic_room_10
D:3:      layout_loops_ring
D:4:      layout_gridville, uniq_robin
D:5:      layout_basic, mainiacjoe_overflow_small_starburst, temple_doors_e,
          nicolae_half_adder
D:6:      layout_layer_cave
D:7:      layout_basic, fedhas_altar_fruit_tree, nicolae_overflow_crystal_walls,
          corexii_item_surrounded_by_moat, st_stairs_1, minmay_alternating_orb,
          uniq_joseph
D:8:      layout_basic, hangedman_ranch
D:9:      layout_roguey, mainiacjoe_overflow_large_starburst,
          lemuel_doored_altar, david_orc_5, uniq_harold
D:10:     layout_basic, mainiacjoe_overflow_surrounded_room,
          erik_lair_orcish_takeover
Temple:   nicolae_temple_superstar

Skill      XL: |  1  2  3  4  5  6  7  8  9 10 11 |
---------------+----------------------------------+-----
Spellcasting   | 4 5 6 7 8 |  8.0
Conjurations   | 4 5 6 7 8 |  8.0
Hexes          | 4 5 6 7 8 |  8.0
Summonings     | 4 5 6 7 8 |  8.0
Necromancy     | 4 5 6 7 8 |  8.0
Translocations | 4 5 6 7 8 |  8.0
Transmutations | 4 5 6 7 8 |  8.0
Fire Magic     | 4 5 6 7 8 |  8.0
Ice Magic      | 4 5 6 7 8 |  8.0
Air Magic      | 4 5 6 7 8 |  8.0
Earth Magic    | 4 5 6 7 8 |  8.0
Poison Magic   | 4 5 6 7 8 |  8.0
Fighting       | 1 2 3 4 5 7 9 |  9.5
Stealth        | 2 3 4 |  4.3
Dodging        | 3 4 5 |  5.9
Short Blades   | 1 2 |  2.0
Shields        | 1 2 |  2.1
Long Blades    | 1 2 |  2.8
Invocations    | 2 3 |  3.0
Throwing       | |  0.2
Evocations     | |  0.1

Action                     |  1- 3 |  4- 6 |  7- 9 | 10-12 || total
---------------------------+-------+-------+-------+-------++-------
  Melee: Short sword       |    15 |    50 |     8 |       ||    73
         Punch             |     1 |       |     2 |     1 ||     4
         Dagger            |       |       |    45 |    37 ||    82
         Long sword        |       |       |       |     8 ||     8
  Throw: Dart              |       |       |     2 |       ||     2
   Cast: Foxfire           |    18 |    41 |    63 |    50 ||   172
         Scorch            |     8 |    28 |    61 |    38 ||   135
         Sting             |     6 |    13 |    20 |     6 ||    45
         Blink             |       |     1 |     1 |       ||     2
         Volatile Blastmot |       |     1 |    16 |    10 ||    27
         Inner Flame       |       |       |     4 |       ||     4
         Hailstorm         |       |       |     1 |     3 ||     4
         Flame Wave        |       |       |       |     3 ||     3
         Cause Fear        |       |       |       |     1 ||     1
         Olgreb's Toxic Ra |       |       |       |     1 ||     1
  Evoke: Wand              |       |       |     1 |       ||     1
    Use: Potion            |     1 |     1 |     1 |       ||     3
         Scroll            |       |     4 |     6 |     4 ||    14
   Stab: Sleeping          |     4 |     8 |     4 |     1 ||    17
 Armour: Robe              |     5 |    15 |    32 |    18 ||    70
  Dodge: Dodged            |    22 |    86 |    90 |    79 ||   277
  Block: Other             |       |       |    19 |    22 ||    41
         Reflection        |       |       |       |     4 ||     4

Table legend: (Time is in decaauts)
 A = Elapsed time spent in this place.
 B = Non-inter-level travel time spent in this place.
 C = Inter-level travel time spent in this place.
 D = Time resting spent in this place.
 E = Time spent auto-exploring this place.
 F = Levels seen in this place.
 G = Mean time per level.
                   A        B        C        D        E       F      G
               +--------+--------+--------+--------+--------+-----+--------+
         Total |  10917 |  10716 |    201 |   2198 |   5573 |  11 |  992.5 |
       Dungeon |  10824 |  10623 |    201 |   2198 |   5573 |  10 | 1082.4 |
        Temple |     92 |     92 |      0 |      0 |      0 |   1 |   92.0 |
               +--------+--------+--------+--------+--------+-----+--------+

Top non-repeatable levels by time:
     D:6: 2605 daAuts
     D:5: 1420 daAuts
     D:2: 1275 daAuts
     D:8: 1245 daAuts
     D:7: 1227 daAuts
     D:1: 1053 daAuts
     D:3: 961 daAuts
     D:4: 881 daAuts
     D:9: 153 daAuts
  Temple: 92 daAuts
    D:10: 1 daAuts
